 Dungeon Crawl Stone Soup version 0.31-a0-151-ge443d1f16c (webtiles) character file.

Game seed: 3446873215739060444

655 qw the Skirmisher (level 7, -17/61 HPs)
             Began as a Minotaur Hunter on June 8, 2023.
             Demolished by a two-headed ogre
             ... wielding a +0 giant spiked club
              (28 damage)
             ... on level 4 of the Dungeon.
             The game lasted 00:01:17 (3353 turns).

qw the Skirmisher (Minotaur Hunter)                 Turns: 3353, Time: 00:01:17

Health: -17/61     AC:  4    Str: 16    XL:     7   Next: 29%
Magic:  6/6        EV: 12    Int:  6    God:
Gold:   181        SH:  0    Dex: 15    Spells: 6/6 levels left

rFire   . . .        Y - +2 shortbow (drain)
rCold   . . .        (shield currently unavailable)
rNeg    . . .        i - +0 troll leather armour
rPois   .            (helmet restricted)
rElec   .            (no cloak)
rCorr   .            (no gloves)
SInv    .            (no boots)
Will    ++...        k - amulet of the acrobat
Stlth   +            d - ring of willpower
HPRegen 1.10/turn    e - ring of willpower
MPRegen 0.10/turn

%: acrobat
@: about to teleport
A: horns 2, retaliatory headbutt
a: no special abilities


You were on level 4 of the Dungeon.
You visited 1 branch of the dungeon, and saw 5 of its levels.

You collected 181 gold pieces.


Innate Abilities, Weirdness & Mutations

You have a pair of horns on your head.
You reflexively headbutt those who attack you in melee.


   Skills:
 - Level 5.5 Fighting
 - Level 8.4 Ranged Weapons
 - Level 1.1 Armour
 + Level 2.7 Dodging
 - Level 0.7 Stealth


You had 6 spell levels left.
You didn't know any spells.
Your spell library was empty.

Inventory:

Hand Weapons
 Y - a +2 shortbow of draining (weapon)
Armour
 i - a +0 troll leather armour (worn)
Jewellery
 d - a ring of willpower (left hand)
 e - a ring of willpower (right hand)
 j - a ring of resist corrosion
 k - an amulet of the acrobat (around neck)
Scrolls
 a - a scroll of identify
Potions
 f - 2 potions of curing
 h - a potion of magic {unknown}
 m - a potion of invisibility {unknown}

Dungeon Overview and Level Annotations

Branches:
Dungeon (5/15)
 Temple: D:4-7

Altars:


Message History

Enter note:
Enter note:
Enter note: Done exploring.
(D) Dungeon
Where to? (* - list waypoints, Enter - D:4, ? - help)
What level of the Dungeon? (default 1, ? - help)
There is a stone staircase leading down here.
You climb downwards.
The two-headed ogre shouts in stereo!
Found a mace.
There is a stone staircase leading up here.
A two-headed ogre is nearby!
Waypoint 4 assigned to D:5.
You shoot an arrow. The arrow hits the two-headed ogre!
You drain the two-headed ogre.
The two-headed ogre is moderately wounded.
You shoot an arrow. The arrow hits the two-headed ogre.
The two-headed ogre is moderately wounded.
You shoot an arrow.
The arrow hits the two-headed ogre but does no damage.
The two-headed ogre is moderately wounded.
You shoot an arrow. The arrow hits the two-headed ogre.
The two-headed ogre is moderately wounded.
You shoot an arrow. The arrow hits the two-headed ogre!
You drain the two-headed ogre.
The two-headed ogre is heavily wounded.
The two-headed ogre hits you with a +0 giant spiked club!
The two-headed ogre hits you with a +0 giant club!!
3350 ||| STAIRDANCE The two-headed ogre hits you with a +0 giant spiked club!!
The two-headed ogre closely misses you.
You climb upwards.
There is a stone staircase leading down here.
3352 ||| READING scroll of teleportation.
As you read the scroll of teleportation, it crumbles to dust.
You feel strangely unstable.
You shoot an arrow. The arrow hits the two-headed ogre!
The two-headed ogre is heavily wounded.
The two-headed ogre hits you with a +0 giant spiked club!!
You die...

#..#/.........#....#.#.#
#.
#..#####....##.#.##.##.#
#. #..#
#.##.##.#.#####.# #.
#..#####.##.##.#.# #.#
## .............)...#
#.#
#.##.###.##.####.#####.#
..##.# #.##.# #.......#
#>##.# #.##.## #O#######
#.##.# #.##..# #@#
#.##.# #.###.# #.#
#.##:###.# #.# #.#
......##.# #.# #.#
#...#.##.# #.# #.#
#.#......# #.# #.#
#)######## #.# #.# ....#
#.# #.# ....# #.# #.#


You could see a two-headed ogre (drained).

Vanquished Creatures
  A steam dragon (D:4)
  A sky beast (D:4)
  A jelly (D:4)
  A hound (D:4)
  A gnoll bouda (D:4)
  Jessica (D:2)
  2 iguanas (D:4)
  Natasha (twice) (D:2)
  An orc wizard (D:4)
  Robin (D:2)
  5 gnolls
  5 adders
  A worm (D:3)
  A dart slug (D:1)
  7 orcs
  4 ball pythons
  5 bats
  5 endoplasms
  3 giant cockroaches (D:1)
  16 goblins
  11 hobgoblins
  2 jackals (D:2)
  3 quokkas
  4 frilled lizards
  5 kobolds
  2 rats
91 creatures vanquished.

Notes
Turn   | Place    | Note
-------+----------+-------------------------------------------
     0 | D:1      | qw the Minotaur Hunter began the quest for the Orb.
     0 | D:1      | Reached XP level 1. HP: 18/18 MP: 0/0
     0 | D:1      | 0 ||| qw: Version: 0.2-a-120-gdf1a93b
     0 | D:1      | 0 ||| qw: Game counter: 3103
     0 | D:1      | 0 ||| qw: Always use a shield: true
     0 | D:1      | 0 ||| qw: God list: Okawaru
     0 | D:1      | 0 ||| qw: Allow faded altars: false
     0 | D:1      | 0 ||| qw: Do Orc after D:15 true
     0 | D:1      | 0 ||| qw: Do second Lair branch before Depths: true
     0 | D:1      | 0 ||| qw: Lair rune preference: random
     0 | D:1      | 0 ||| qw: Plans: Normal
     0 | D:1      | 0 ||| PLANNING D:1-11
   109 | D:1      | Reached XP level 2. HP: 25/25 MP: 1/1
   172 | D:1      | Reached skill level 5 in Ranged Weapons
   395 | D:1      | Reached skill level 3 in Fighting
   395 | D:1      | Reached XP level 3. HP: 31/31 MP: 2/2
  1064 | D:1      | 1064 ||| UPGRADING to +0 ring mail.
  1074 | D:1      | 1074 ||| DROPPING +0 leather armour.
  1075 | D:1      | 1075 ||| UPGRADING to ring of willpower.
  1076 | D:1      | 1076 ||| UPGRADING to ring of willpower.
  1077 | D:1      | 1077 ||| READING 2 scrolls labelled MOXOGA KALAXESM.
  1078 | D:1      | 1078 ||| DROPPING scroll of fear.
  1079 | D:1      | 1079 ||| DROPPING scroll of butterflies.
  1115 | D:2      | Reached skill level 1 in Armour
  1160 | D:2      | Noticed Jessica
  1171 | D:2      | Killed Jessica
  1172 | D:2      | Reached XP level 4. HP: 37/38 MP: 3/3
  1251 | D:2      | Found a faded altar of an unknown god.
  1252 | D:2      | Noticed Robin
  1253 | D:2      | 1253 ||| Stepping ~*~*~tactically~*~*~ (outnumbered).
  1272 | D:2      | 1272 ||| Stepping ~*~*~tactically~*~*~ (outnumbered).
  1286 | D:2      | Reached skill level 6 in Ranged Weapons
  1292 | D:2      | Killed Robin
  1374 | D:2      | 1374 ||| FLEEEEING.
  1376 | D:2      | 1376 ||| FLEEEEING.
  1377 | D:2      | 1377 ||| FLEEEEING.
  1378 | D:2      | 1378 ||| FLEEEEING.
  1433 | D:2      | Noticed Natasha
  1448 | D:2      | Killed Natasha
  1449 | D:2      | Reached XP level 5. HP: 40/46 MP: 4/4
  1583 | D:2      | Noticed Natasha
  1592 | D:2      | Killed Natasha
  1744 | D:2      | 1744 ||| READING scroll labelled WIMUUS YRETUU.
  1745 | D:2      | 1745 ||| READING 2 scrolls labelled VEAZIN CIUPUEB.
  1749 | D:2      | 1749 ||| READING scroll labelled FOMOGE ENAN.
  1750 | D:2      | 1750 ||| READING scroll labelled JANEBY WUYFFET.
  1751 | D:2      | 1751 ||| READING scroll labelled IHIYSS RULEOM.
  1752 | D:2      | 1752 ||| DRINKING 2 black potions.
  1753 | D:2      | 1753 ||| DRINKING 3 potions of curing.
  1753 | D:2      | 1753 ||| (to cure confusion)
  1754 | D:2      | 1754 ||| DROPPING potion of ambrosia.
  2616 | D:3      | 2616 ||| UPGRADING to +0 troll leather armour.
  2626 | D:3      | 2626 ||| DROPPING +0 ring mail.
  2627 | D:3      | 2627 ||| UPGRADING to amulet of the acrobat.
  2632 | D:3      | 2632 ||| READING scroll labelled KEUME LOLI.
  2633 | D:3      | 2633 ||| READING scroll labelled KUIPSOA ZENE.
  2634 | D:3      | 2634 ||| READING scroll labelled FEZIAM HOARPHAP.
  2701 | D:4      | Reached skill level 7 in Ranged Weapons
  2711 | D:4      | Reached XP level 6. HP: 39/52 MP: 5/5
  2843 | D:4      | Noticed a sky beast
  2857 | D:4      | Killed a sky beast
  2858 | D:4      | Reached skill level 8 in Ranged Weapons
  3059 | D:4      | 3059 ||| READING scroll of enchant weapon.
  3059 | D:4      | 3059 ||| ENCHANTING +1 shortbow of draining.
  3083 | D:4      | Noticed a steam dragon
  3091 | D:4      | Killed a steam dragon
  3092 | D:4      | Reached XP level 7. HP: 27/61 MP: 6/6
  3344 | D:5      | Entered Level 5 of the Dungeon
  3344 | D:5      | Noticed a two-headed ogre
  3350 | D:5      | 3350 ||| STAIRDANCE
  3350 | D:5      | HP: 7/61 [two-headed ogre/+0 giant spiked club (24)]
  3352 | D:4      | 3352 ||| READING scroll of teleportation.
  3353 | D:4      | Demolished by a two-headed ogre

Levels and vault maps discovered:
D:1:      minmay_arrival_glassed_features, layout_basic
D:2:      layout_rooms, shapermc_ecumenical_altar_mp_highgroup,
          kennysheep_jessica_study, uniq_robin, uniq_natasha
D:3:      layout_basic
D:4:      layout_loops_ring
D:5:      layout_gridville

Skill      XL: |  1  2  3  4  5  6 |
---------------+-------------------+-----
Ranged Weapons | 5 6 7 8 |  8.4
Fighting       | 3 4 5 |  5.5
Armour         | 1 |  1.1
Dodging        | |  2.7
Stealth        | |  0.7

Action                     |  1- 3 |  4- 6 |  7- 9 || total
---------------------------+-------+-------+-------++-------
   Fire: Shortbow          |    81 |   196 |    18 ||   295
    Use: Scroll            |     1 |     9 |     1 ||    11
         Potion            |       |     2 |       ||     2
 Armour: Leather armour    |     6 |       |       ||     6
         Ring mail         |     1 |    20 |       ||    21
         Troll leather arm |       |     6 |       ||     6
  Dodge: Dodged            |    20 |    55 |     2 ||    77

Table legend:
 A = Non-vault XP
 B = Vault XP
 C = Vault XP percentage of total XP
 D = Non-vault monster count
 E = Vault monster count
 F = Vault count percentage of total count
                 A         B        C        D         E       F
            +---------+---------+-------+---------+---------+-------
      Total |     829 |     108 |  11.5 |      76 |      15 |  16.5
            +---------+---------+-------+---------+---------+-------
        D:1 |      58 |       0 |   0.0 |      26 |       0 |   0.0
        D:2 |      96 |     108 |  52.9 |      16 |      15 |  48.4
        D:3 |      45 |       0 |   0.0 |      15 |       0 |   0.0
        D:4 |     630 |       0 |   0.0 |      19 |       0 |   0.0
            +---------+---------+-------+---------+---------+-------
